 Dungeon Crawl Stone Soup version 0.22-a0-776-ge6d7efa (webtiles) character file.

857 Amnesiac the Digger (level 7, 46/46 HPs)
             Began as a Demonspawn Earth Elementalist on July 18, 2018.
             Was an Initiate of Ashenzari.
             Got out of the dungeon alive.
             The game lasted 00:06:00 (3753 turns).

Amnesiac the Digger (Demonspawn Earth Elementalist) Turns: 3753, Time: 00:06:01

Health: 46/46      AC:  7    Str:  8    XL:     7   Next: 70%
Magic:  14/14      EV: 12    Int: 18    God:    Ashenzari [......]
Gold:   135        SH:  0    Dex: 14    Spells: 1/15 levels left

rFire    . . .     SeeInvis .   t - +1 dagger (curse)
rCold    . . .     Gourm    .   (no shield)
rNeg     . . .     Faith    .   a - +1 leather armour
rPois    .         Spirit   .   (no helmet)
rElec    .         Reflect  .   (no cloak)
rCorr    .         Harm     .   (no gloves)
MR       .....                  (no boots)
Stlth    +.........             (no amulet)
HPRegen  0.15/turn              (no ring)
MPRegen  0.14/turn              (no ring)

@: no status effects
A: hooves 2, thin metallic scales 2, demonic guardian 2
a: Curse Item, Renounce Religion


You escaped.
You worshipped Ashenzari.
Ashenzari was noncommittal.
You were not hungry.

You visited 2 branches of the dungeon, and saw 7 of its levels.

You collected 135 gold pieces.

Inventory:

Hand Weapons
 t - a cursed +1 dagger (weapon)
Missiles
 b - 59 stones (quivered)
Armour
 a - a +1 leather armour (worn)
 c - a +0 robe
Jewellery
 j - an uncursed ring of positive energy
Scrolls
 e - a scroll of fog {!r}
 f - 2 scrolls of noise {!r}
 g - 4 scrolls of fear {!r}
 h - a scroll of enchant armour {!r}
 i - 2 scrolls of teleportation {!r}
 l - 4 scrolls of remove curse {!r}
Potions
 k - a potion of curing {!q}
 m - 2 potions of magic {!q}
 n - a potion of haste {!q}
 o - 2 potions of agility {!q}
 p - a potion of heal wounds {!q}
 q - a potion of invisibility {!q, unknown}
 u - a potion of flight {!q, unknown}
 v - 2 potions of lignification {!q, unknown}
Comestibles
 d - 12 rations
 r - 2 chunks of flesh


   Skills:
 + Level 0.3 Short Blades
 - Level 2.4 Dodging
 - Level 2.0 Stealth
 + Level 4.8 Spellcasting
 - Level 1.0 Transmutations
 * Level 6.9 Earth Magic


You had one spell level left.
You knew the following spells:

 Your Spells              Type           Power        Failure   Level  Hunger
a - Sandblast             Erth           ####..       1%          1    None
b - Passwall              Tmut/Erth      ###.....     6%          2    #......
d - Lee's Rapid Deconstr  Erth           ####......   32%         5    ######.
e - Petrify               Tmut/Erth      ###.....     36%         4    ####...
v - Blink                 Tloc           N/A          30%         2    #......

Your spell library contained the following spells:

 Spells                   Type           Power        Failure   Level  Hunger
 Magic Dart               Conj           #...         21%         1    None
 Conjure Flame            Conj/Fire      #.......     52%         3    ###....
 Slow                     Hex            #.......     30%         2    #......
 Mephitic Cloud           Conj/Pois/Air  #.......     52%         3    ###....
 Call Imp                 Summ           #.......     30%         2    #......
 Stone Arrow              Conj/Erth      ###...       14%         3    ###....


Dungeon Overview and Level Annotations

Branches:
Dungeon (6/15)             Temple (1/1) D:6

Altars:
Ashenzari
Cheibriados
Dithmenos
Elyvilon
Fedhas
Hepliaklqana
Kikubaaqudgha
Makhleb
Nemelex Xobeh
Ru
Sif Muna
Trog
Uskayaw
Wu Jian
Xom
Yredelemnul
Zin
The Shining One


Innate Abilities, Weirdness & Mutations

You have hoof-like feet.
You are mostly covered in thin metallic scales. (AC +3)
A demonic guardian rushes to your aid.


Message History

No target in view!
You butcher the hobgoblin corpse.
r - 6 chunks of flesh (gained 2)
Things that are here:
a +0 club; a hobgoblin skeleton
Things that are here:
a +0 club; a hobgoblin skeleton Key pressed, stopping explore.
No target in view!
A hobgoblin comes into view.
The hobgoblin shouts!
Found a ration.
A hobgoblin is nearby!
A hobgoblin is nearby!
A hobgoblin is nearby!
You barely miss the hobgoblin.
You kick the hobgoblin, but do no damage.
You hit the hobgoblin.
The hobgoblin is moderately wounded.
The hobgoblin hits you.
You hit the hobgoblin.
The hobgoblin is severely wounded.
The hobgoblin misses you.
You hit the hobgoblin but do no damage.
You kill the hobgoblin!
No target in view!
No target in view!
v - 2 yellow potions {!q} No target in view!
d - 12 rations (gained 1) Some of the chunks of flesh in your inventory have rotted away.
Key pressed, stopping explore.
No target in view!
Some of the chunks of flesh in your inventory have rotted away.
Key pressed, stopping explore.
No target in view!
Done exploring.
Done exploring.
Okay, then.
Done exploring.
Done exploring.
The draconian roars!
There is an open door here.
The troll shouts!
Some of the chunks of flesh in your inventory have rotted away.
The demigod shouts!
The human shouts!
The kobold shouts!
You see here a +0 club.
The octopode shouts!
The centaur shouts!
The formicid twitches its antennae in your direction.
The dwarf shouts!
The merfolk shouts!
The vine stalker shouts!
The orc shouts!
The demonspawn shouts!
There is an open door here.
There is a staircase leading out of the dungeon here.
Really read
s - a scroll labeled VAETZO GUGUSHROS {!r}?
As you read the scroll labeled VAETZO GUGUSHROS {!r}, it crumbles to dust.
You hear a crunching sound.
It was a scroll of random uselessness {!r}.
Are you sure you want to leave the Dungeon?
This will make you lose the game!
You have escaped!

###.###
#e#.#m#
###.###
#M#.#f#
###.###
#o#.#6#
###'###
#...#
#.@.#
#####


There were no monsters in sight!

Vanquished Creatures
  A centaur (D:5)
  A scorpion (D:4)
  2 howler monkeys (D:5)
  A crimson imp (D:6)
  A jelly (D:5)
  An orc priest (D:3)
  2 worker ants (D:5)
  A hound zombie (D:5)
  2 adders
  An ooze (D:3)
  3 worms
  2 dart slugs (D:1)
  3 leopard geckos
  15 orcs
  2 giant cockroaches
  4 goblins
  12 hobgoblins
  7 jackals
  2 kobolds
  4 quokkas
  A ball python (D:3)
  4 bats
  5 frilled lizards
  A leopard gecko skeleton (D:4)
  5 rats (D:1)
83 creatures vanquished.

Vanquished Creatures (collateral kills)
  Menkaure (D:6)
  2 sky beasts
  An ogre (D:6)
  A centaur (D:5)
  A bullfrog (D:6)
  2 orc wizards (D:4)
  A hound skeleton (D:6)
  A worm (D:4)
  2 orcs (D:4)
12 creatures vanquished.

Vanquished Creatures (others)
  A bat (D:1)
1 creature vanquished.

Grand Total: 96 creatures vanquished

Notes
Turn   | Place    | Note
-------+----------+-------------------------------------------
     0 | D:1      | Amnesiac the Demonspawn Earth Elementalist began the quest for the Orb.
     0 | D:1      | Reached XP level 1. HP: 13/13 MP: 3/3
     2 | D:1      | Noticed a demonspawn
     4 | D:1      | Noticed a vine stalker
     6 | D:1      | Noticed an elf
     6 | D:1      | Noticed a merfolk
     8 | D:1      | Noticed a naga
     8 | D:1      | Noticed an ogre
    10 | D:1      | Noticed a halfling
    10 | D:1      | Noticed a tengu
    12 | D:1      | Noticed a dwarf
    12 | D:1      | Noticed a formicid
    14 | D:1      | Noticed a vampire
    16 | D:1      | Noticed a centaur
    16 | D:1      | Noticed an octopode
    18 | D:1      | Noticed a human
    20 | D:1      | Noticed a spriggan
    20 | D:1      | Noticed a ghoul
    22 | D:1      | Noticed a minotaur
    22 | D:1      | Noticed a demigod
    24 | D:1      | Noticed a gargoyle
    24 | D:1      | Noticed a troll
    26 | D:1      | Noticed a draconian
    26 | D:1      | Noticed a felid
   158 | D:3      | Noticed an orc priest
   159 | D:3      | Gained mutation: You are partially covered in thin metallic scales. (AC +2) [demonic ancestry]
   159 | D:3      | Reached XP level 2. HP: 19/19 MP: 3/5
   162 | D:2      | Reached skill level 3 in Earth Magic
   217 | D:2      | Learned a level 2 spell: Passwall
   429 | D:3      | Gained mutation: A weak demonic guardian rushes to your aid. [demonic ancestry]
   429 | D:3      | Reached XP level 3. HP: 24/24 MP: 4/6
   546 | D:3      | Reached skill level 1 in Transmutations
  1117 | D:4      | Found a blossoming altar of Fedhas.
  1198 | D:4      | Gained mutation: A demonic guardian rushes to your aid. [demonic ancestry]
  1198 | D:4      | Reached XP level 4. HP: 21/30 MP: 7/7
  1204 | D:4      | Learned a level 4 spell: Petrify
  1414 | D:4      | Found an ancient bone altar of Kikubaaqudgha.
  1531 | D:4      | Reached skill level 4 in Earth Magic
  1587 | D:4      | Gained mutation: You are mostly covered in thin metallic scales. (AC +3) [demonic ancestry]
  1587 | D:4      | Reached XP level 5. HP: 33/35 MP: 9/9
  1664 | D:5      | Entered Level 5 of the Dungeon
  1731 | D:5      | Found a shimmering altar of Xom.
  1795 | D:5      | Noticed a centaur
  1797 | D:5      | Noticed a centaur
  1802 | D:5      | Killed a centaur
  1810 | D:5      | Killed a centaur
  2025 | D:5      | Reached skill level 5 in Earth Magic
  2025 | D:5      | Gained mutation: You have large cloven feet. [demonic ancestry]
  2025 | D:5      | Reached XP level 6. HP: 41/41 MP: 11/11
  2032 | D:5      | Learned a level 5 spell: Lee's Rapid Deconstruction
  2118 | D:5      | Noticed a sky beast
  2122 | D:5      | Killed a sky beast
  2469 | D:6      | Found a staircase to the Ecumenical Temple.
  2481 | Temple   | Entered the Ecumenical Temple
  2602 | Temple   | Became a worshipper of Ashenzari the Shackled
  2623 | D:6      | Gained mutation: You have hoof-like feet. [demonic ancestry]
  2623 | D:6      | Reached XP level 7. HP: 40/46 MP: 11/13
  2625 | D:6      | Reached skill level 6 in Earth Magic
  2651 | D:6      | Noticed Menkaure
  2657 | D:6      | Killed Menkaure
  2973 | D:3      | Learned a level 2 spell: Blink
  3753 | D:$      | Got out of the dungeon alive.

Vault maps used:
D:1:      kb_arrival_jail
D:3:      tgw_sif
D:4:      lemuel_round_altar, lemuel_coloured_pillars_altar, first_ration,
          grunt_decor_arrowhead, minmay_unequal
D:5:      nicolae_overflow_crystal_walls
D:6:      minmay_temple_entry_glass, uniq_menkaure
Temple:   regret_index_temple_waves

Skill      XL: |  1  2  3  4  5  6  7 |
---------------+----------------------+-----
Stealth        | 2 |  2.0
Dodging        | 2 |  2.4
Earth Magic    | 3 4 5 6 |  6.9
Transmutations | 1 |  1.0
Spellcasting   | 3 4 |  4.8
Short Blades   | |  0.3

Action                   |  1- 3 |  4- 6 |  7- 9 || total
-------------------------+-------+-------+-------++-------
Melee: Unarmed           |     2 |       |       ||     2
       Short sword       |     8 |       |       ||     8
       Dagger            |       |       |   133 ||   133
       Kick              |       |       |    27 ||    27
       Hunting sling     |       |       |     2 ||     2
 Fire: Hunting sling     |    38 |    40 |    14 ||    92
 Cast: Sandblast         |    37 |    21 |    10 ||    68
       Passwall          |     1 |       |       ||     1
  Use: Scroll            |       |    12 |     4 ||    16
 Stab: Sleeping          |       |       |     4 ||     4
       Distracted        |       |       |     1 ||     1
  Eat: Chunk             |     1 |     5 |     3 ||     9
Armor: Robe              |     4 |       |       ||     4
       Leather armour    |    17 |    14 |    59 ||    90
Dodge: Dodged            |    28 |    22 |    94 ||   144

Table legend:
 A = Spawn XP
 B = Non-spawn XP
 C = Spawn XP percentage of total XP
 D = Spawn monster count
 E = Non-spawn monster count
 F = Spawn count percentage of total count
 G = Total turns spent on level
                    A         B        C        D         E        F      G
               +---------+---------+-------+---------+---------+-------+---------
         Total |       0 |    1225 |   0.0 |       0 |      95 |   0.0 |  3753
               +---------+---------+-------+---------+---------+-------+---------
           D:1 |       0 |      50 |   0.0 |       0 |      26 |   0.0 |   611
           D:2 |       0 |      22 |   0.0 |       0 |      10 |   0.0 |   264
           D:3 |       0 |     103 |   0.0 |       0 |      21 |   0.0 |   488
           D:4 |       0 |     146 |   0.0 |       0 |      20 |   0.0 |  1125
           D:5 |       0 |     447 |   0.0 |       0 |       9 |   0.0 |   894
           D:6 |       0 |     455 |   0.0 |       0 |       8 |   0.0 |   230
        Temple |       0 |       2 |   0.0 |       0 |       1 |   0.0 |   141
               +---------+---------+-------+---------+---------+-------+---------
